 Dungeon Crawl Stone Soup version 0.22.0-38-g04b72b8 (webtiles) character file.

5923 Monsterracer the Cleaver (level 10, -12/90 HPs)
             Began as a Hill Orc Fighter on Aug 30, 2018.
             Was a Priest of Qazlal.
             Mangled by a polar bear (23 damage)
             ... in an ice cave.
             The game lasted 00:08:37 (7421 turns).

Monsterracer the Cleaver (Hill Orc Fighter)         Turns: 7421, Time: 00:08:37

Health: -12/90     AC: 20    Str: 22    XL:     10   Next: 83%
Magic:  11/15      EV:  5    Int:  8    God:    Qazlal [***...]
Gold:   429        SH: 15    Dex: 11    Spells: 9/9 levels left

rFire    x . .     SeeInvis .   a - +1 war axe
rCold    + . .     Gourm    .   f - +0 shield
rNeg     . . .     Faith    .   t - +0 plate armour
rPois    .         Spirit   .   r - +2 helmet
rElec    .         Reflect  .   s - +2 cloak
rCorr    .         Harm     .   (no gloves)
MR       .....                  (no boots)
Stlth    ..........             u - amulet of regeneration
HPRegen  0.65/turn              (no ring)
MPRegen  0.14/turn              l - ring of ice

@: no status effects
A: no striking features
a: Upheaval, Elemental Force, Renounce Religion


You were in an ice cave.
You worshipped Qazlal.
Qazlal was most pleased with you.
You were hungry.

You visited 3 branches of the dungeon, and saw 10 of its levels.
You also visited: Ossuary and Ice Cave.

You collected 429 gold pieces.

Inventory:

Hand Weapons
 a - a +1 war axe (weapon)
 b - a +1 flail of protection
 w - a +1 flail of holy wrath
Missiles
 q - 2 throwing nets (quivered)
Armour
 f - a +0 shield (worn)
 r - a +2 helmet (worn)
 s - a +2 cloak (worn)
 t - a +0 plate armour (worn)
Jewellery
 k - an uncursed ring of flight
 l - a ring of ice (right hand)
 p - an uncursed ring of fire
 u - an amulet of regeneration (around neck)
Wands
 y - a wand of flame (64)
 B - a wand of digging (14)
 I - a wand of acid (4)
 J - a wand of enslavement (2)
Scrolls
 g - 5 scrolls of remove curse
 h - 6 scrolls of immolation {!r}
 i - 2 scrolls of fog
 v - 2 scrolls of blinking
 C - 4 scrolls of identify
 D - a scroll of teleportation {!r}
 E - a scroll of magic mapping {!r}
 F - a scroll of enchant weapon
 G - a scroll of fear {!r}
Potions
 d - 3 potions of might
 e - 2 potions of heal wounds
 j - 3 potions of haste
 m - 2 potions of berserk rage {!q}
 n - a potion of mutation {!q}
 o - a potion of ambrosia {!q}
 x - a potion of cancellation
 z - a potion of resistance
Comestibles
 c - 13 rations


   Skills:
 + Level 8.8 Fighting
 * Level 12.4 Axes
 + Level 8.0 Armour
 + Level 8.0 Shields
 + Level 6.9 Invocations


You had 9 spell levels left.
You didn't know any spells.
Your spell library contained the following spells:

 Spells                   Type           Power        Failure   Level  Hunger
 Corona                   Hex            #......      100%        1    ##.....
 Ensorcelled Hibernation  Hex/Ice        #.....       100%        2    ###....
 Confuse                  Hex            #.......     100%        3    ####...
 Dazzling Spray           Conj/Hex       #.....       100%        3    ####...
 Tukima's Dance           Hex            #.......     100%        3    ####...


Dungeon Overview and Level Annotations

Branches:
Dungeon (8/15)             Temple (1/1) D:5            Lair (1/6) D:8

Altars:
Ashenzari
Cheibriados
Dithmenos
Elyvilon
Fedhas
Gozag
Hepliaklqana
Kikubaaqudgha
Makhleb
Nemelex Xobeh
Okawaru
Qazlal
Ru
Sif Muna
Trog
Uskayaw
Vehumet
Wu Jian
Xom
Yredelemnul
Zin
The Shining One

Shops:
D:8 (


Message History

The yak gores you but does no damage.
You slash the yak!
You kill the yak!
Qazlal accepts your kill.
Your Armour skill increases to level 8!
Your Shields skill increases to level 8!
You slash the yak! You hit the wolf but do no damage. The wolf bites you.
* * * LOW HITPOINT WARNING * * *
You block the yak's attack. You block the wolf's attack.
A polar bear comes into view.
You take 4 damage, and have 45/90 hp.
MP restored: 15 Unknown command.
You block the wolf's attack. The yak gores you.
* * * LOW HITPOINT WARNING * * *
The yak gores you.
* * * LOW HITPOINT WARNING * * *
You block the wolf's attack.
You see here a yak corpse.
You take 6 damage, and have 39/90 hp.
Your plate armour prevents you from hitting the yak.
The yak is heavily wounded.
You hit the yak but do no damage. You slash the wolf!
You kill the wolf!
Qazlal accepts your kill. The yak gores you.
* * * LOW HITPOINT WARNING * * *
The yak gores you but does no damage.
You take 2 damage, and have 37/90 hp.
You hit the yak.
The yak is severely wounded.
You barely miss the polar bear. You slash the yak! You closely miss the yak.
A polar bear comes into view.
You block the polar bear's attack. x2
The polar bear claws you but does no damage.
The yak gores you!
* * * LOW HITPOINT WARNING * * *
The yak gores you but does no damage. You block the yak's attack.
You take 9 damage, and have 28/90 hp.
You block the yak's attack.
You closely miss the polar bear. You hit the yak. You closely miss the yak.
You block the yak's attack.
The polar bear is engulfed in blazing flames.
The polar bear bites you but does no damage.
The polar bear claws you but does no damage.
You block the polar bear's attack.
The yak is engulfed in blazing flames.
You block the yak's attack.
Unknown command.
You are feeling hungry.
You slash the yak!
The yak is heavily wounded.
Your plate armour prevents you from hitting the polar bear.
You hit the yak but do no damage. You block the polar bear's attack. x2
The polar bear claws you but does no damage.
The yak gores you but does no damage. The yak gores you.
* * * LOW HITPOINT WARNING * * *
You take 6 damage, and have 24/90 hp.
Unknown command.
Evoke which item? (* to show all) (? for menu, Esc to quit)
Okay, then.
Aiming: Upheaval
Press: ? - help, Dir - move target cursor, f - yak
Aim: a yak (severely wounded)
A storm cloud blasts the area with cutting wind!
The cutting wind hits the yak.
The yak is almost dead.
The cutting wind hits the polar bear.
The polar bear is severely wounded.
The cutting wind hits the yak.
The yak is almost dead.
You block the yak's attack.
The polar bear goes berserk!
You now have 11/15 mp.
You block the yak's attack.
There is an ice choked empty arch of ancient stone here.
You closely miss the polar bear.
The polar bear is severely wounded.
You hit the yak. You block the polar bear's attack. The polar bear claws you.
* * * LOW HITPOINT WARNING * * *
You block the polar bear's attack. The polar bear bites you!
* * * LOW HITPOINT WARNING * * *
The polar bear claws you.
* * * LOW HITPOINT WARNING * * *
The polar bear claws you but does no damage.
You take 21 damage, and have 4/90 hp.
MASSIVE DAMAGE!!
Evoke which item? (* to show all) (? for menu, Esc to quit)
Okay, then.
You feel much better. The yak gores you!
* * * LOW HITPOINT WARNING * * *
The polar bear bites you!
* * * LOW HITPOINT WARNING * * *
The polar bear claws you but does no damage. x2
The yak is engulfed in blazing flames.
You kill the yak!
Qazlal accepts your kill.
You regained 7 hp, and now have 11/90 hp.
Unknown command.
The yak gores you but does no damage.
The polar bear is engulfed in blazing flames.
The polar bear bites you!!
You die...

#### ###
##..##
##..##....##
##......h...#
#....††.Y§∩.#
....##..hh@..#
#.. ###.Y..##
# ##..## ####


You could see 3 polar bears and 2 yaks.

Vanquished Creatures
  Harold (D:8)
  Pikel (D:5)
  3 wolves
  A polar bear (IceCv)
  A wyvern (D:8)
  3 yaks (IceCv)
  A water moccasin (Lair:1)
  2 phantoms
  A slave (D:5)
  A sky beast (D:6)
  A black bear (D:4)
  2 orc warriors (D:8)
  3 ogres
  A centaur (D:7)
  A big kobold (D:7)
  2 elf zombies (Ossuary)
  2 bullfrogs
  A gnoll sergeant (D:8)
  3 scorpions
  3 wights (D:7)
  5 hounds
  A jelly (D:5)
  6 human zombies (Ossuary)
  5 orc priests
  A centaur skeleton (D:4)
  4 centaur zombies (Ossuary)
  A gnoll shaman (D:7)
  Crazy Yiuf (D:2)
  10 orc wizards
  3 iguanas
  7 worker ants
  2 killer bee zombies
  A hound zombie (D:5)
  A hound skeleton (D:4)
  A worker ant zombie (D:8)
  3 mummies (Ossuary)
  13 adders
  12 gnolls
  4 shadow imps
  2 oozes (D:2)
  2 adder zombies
  An adder skeleton (D:4)
  3 worms
  A dart slug (D:2)
  A leopard gecko (D:3)
  42 orcs
  9 giant cockroaches
  8 goblins
  7 hobgoblins
  2 jackals (D:3)
  5 quokkas
  2 ball pythons
  6 bats
  2 frilled lizards (D:1)
  11 kobolds
  A leopard gecko zombie (D:6)
  2 quokka skeletons
  5 rats
227 creatures vanquished.

Vanquished Creatures (collateral kills)
  A wolf (Lair:1)
1 creature vanquished.

Vanquished Creatures (others)
  A spiny frog (Lair:1)
1 creature vanquished.

Grand Total: 229 creatures vanquished

Notes
Turn   | Place    | Note
-------+----------+-------------------------------------------
     0 | D:1      | Monsterracer the Hill Orc Fighter began the quest for the Orb.
     0 | D:1      | Reached XP level 1. HP: 19/19 MP: 1/1
   212 | D:1      | Reached skill level 3 in Axes
   299 | D:1      | Reached XP level 2. HP: 26/27 MP: 2/2
   838 | D:2      | Reached XP level 3. HP: 28/33 MP: 3/3
  1070 | D:2      | Reached skill level 4 in Axes
  1276 | D:2      | Reached XP level 4. HP: 40/40 MP: 4/4
  1859 | D:2      | Found a runed door.
  1993 | D:2      | Noticed Crazy Yiuf
  2001 | D:2      | Killed Crazy Yiuf
  2001 | D:2      | Reached XP level 5. HP: 45/47 MP: 5/5
  2341 | D:3      | Reached skill level 5 in Axes
  2582 | D:3      | Found an opulent altar of Gozag.
  2975 | D:4      | Reached XP level 6. HP: 52/53 MP: 6/6
  3090 | D:4      | Reached skill level 5 in Fighting
  3090 | D:4      | Reached skill level 6 in Axes
  3196 | D:4      | Reached XP level 7. HP: 58/61 MP: 7/7
  3216 | D:4      | Reached skill level 5 in Shields
  3372 | D:4      | Reached skill level 7 in Axes
  3372 | D:4      | Reached skill level 5 in Armour
  3789 | D:5      | Entered Level 5 of the Dungeon
  4073 | D:5      | Found a staircase to the Ecumenical Temple.
  4152 | D:5      | Reached XP level 8. HP: 70/70 MP: 8/8
  4180 | Temple   | Entered the Ecumenical Temple
  4236 | Temple   | Became a worshipper of Qazlal Stormbringer
  4308 | D:5      | Noticed Pikel
  4342 | D:5      | Killed Pikel
  4342 | D:5      | Reached skill level 8 in Axes
  4608 | D:6      | Reached skill level 9 in Axes
  4647 | D:6      | Reached XP level 9. HP: 65/78 MP: 11/11
  4690 | D:6      | Found a sand-covered staircase.
  4723 | D:6      | Found a shattered altar of Ashenzari.
  4724 | D:6      | Found a deep blue altar of Sif Muna.
  4724 | D:6      | Found an iron altar of Okawaru.
  4724 | D:6      | Found a glowing silver altar of Zin.
  4765 | Ossuary  | Entered an ossuary
  4816 | Ossuary  | Reached * piety under Qazlal
  4887 | Ossuary  | Reached skill level 10 in Axes
  5029 | D:6      | You fall through a shaft for 2 floors!
  5029 | D:8      | Found a blossoming altar of Fedhas.
  5173 | D:8      | Found a snail-covered altar of Cheibriados.
  5250 | D:8      | Reached ** piety under Qazlal
  5313 | D:8      | Found a staircase to the Lair.
  5327 | D:7      | Reached skill level 5 in Invocations
  5463 | D:7      | Reached skill level 11 in Axes
  5466 | D:7      | Reached XP level 10. HP: 87/88 MP: 12/14
  5792 | D:6      | Found a basalt altar of Yredelemnul.
  5792 | D:6      | Found a bloodstained altar of Trog.
  5897 | D:7      | Reached *** piety under Qazlal
  6076 | D:7      | Found a stormy altar of Qazlal.
  6899 | D:8      | Found Makaimei's Antique Weapon Emporium.
  7075 | D:8      | Noticed Harold
  7100 | D:8      | Killed Harold
  7236 | Lair:1   | Entered Level 1 of the Lair of Beasts
  7275 | Lair:1   | Noticed a spiny frog
  7286 | Lair:1   | HP: 43/90 [poisoned by a spiny frog]
  7291 | Lair:1   | HP: 32/90 [wolf (6)]
  7296 | Lair:1   | HP: 28/90 [wolf (6)]
  7307 | Lair:1   | HP: 32/90 [wolf (3)]
  7309 | Lair:1   | Reached skill level 12 in Axes
  7343 | Lair:1   | Found a frozen archway.
  7390 | IceCv    | Entered an ice cave
  7410 | IceCv    | HP: 45/90 [wolf (4)]
  7416 | IceCv    | HP: 24/90 [yak (6)]
  7419 | IceCv    | HP: 8/90 [polar bear (13)]
  7421 | IceCv    | Mangled by a polar bear

Skill      XL: |  1  2  3  4  5  6  7  8  9 10 |
---------------+-------------------------------+-----
Axes           | 3 4 5 6 7 9 11 12 | 12.4
Fighting       | 4 5 6 7 8 |  8.8
Armour         | 4 5 6 7 8 |  8.0
Shields        | 4 5 6 7 8 |  8.0
Invocations    | 3 5 6 |  6.9

Action                   |  1- 3 |  4- 6 |  7- 9 | 10-12 || total
-------------------------+-------+-------+-------+-------++-------
Melee: War axe           |   105 |   147 |   460 |   201 ||   913
Invok: Upheaval          |       |       |       |     1 ||     1
Evoke: Wand              |       |       |       |     2 ||     2
  Use: Scroll            |     2 |    12 |     6 |     1 ||    21
       Potion            |       |       |       |     2 ||     2
  Eat: Chunk             |     1 |     7 |     8 |     6 ||    22
Armor: Scale mail        |    52 |    23 |       |       ||    75
       Plate armour      |       |    58 |   265 |   104 ||   427
Dodge: Dodged            |    38 |    35 |    55 |    23 ||   151
Block: Shield            |    58 |    93 |   261 |   151 ||   563

Vault maps used:
D:1:      minmay_arrival_wavy_path, serial_bayou_pond_e
D:2:      serial_glass, glass_columns_b, glass_columns_b,
          uniq_crazy_yiuf_cottage
D:3:      nicolae_gozag_cash_rules_everything_around_me
D:4:      minmay_divided_ellipse
D:5:      temple_doors_e, first_ration, uniq_pikel
D:6:      minmay_overflow_temple_hex, nicolae_ossuary_entry_ruins
D:7:      basic_altar
D:8:      grunt_temple_overflow_open, lair_entry_dummy, serial_shops,
          kennysheep_little_box, uniq_harold
Temple:   cyrus_circular_temple
Lair:1:   portal_ice_cave_entry_pillars_1, beast_lair_carwin_11,
          grunt_megastairs_5, uniq_erica
Ossuary:  ossuary_minmay_four_chambers
IceCv:    ice_cave_small_giant
